 Dungeon Crawl Stone Soup version 0.28.0-45-g0d030f2227 (webtiles) character file.

Game seed: 17821835022309005481

35 DemonSlayer the Magician (level 3, -9/24 HPs)
             Began as a Demonspawn Hedge Wizard on Mar 31, 2022.
             Killed from afar by an orc wizard (12 damage)
             ... with a puff of flame
             ... on level 2 of the Dungeon.
             The game lasted 00:02:11 (2069 turns).

DemonSlayer the Magician (Demonspawn Hedge Wizard)  Turns: 2069, Time: 00:02:12

Health: -9/24      AC:  2    Str: 10    XL:     3   Next: 17%
Magic:  2/8        EV: 12    Int: 17    God:
Gold:   58         SH:  0    Dex: 12    Spells: 6/9 levels left

rFire   . . .      SeeInvis .   a - +0 dagger
rCold   . . .      Faith    .   (no shield)
rNeg    . . .      Spirit   .   b - +0 robe
rPois   .          Reflect  .   c - +0 hat
rElec   .          Harm     .   (no cloak)
rCorr   .          Rampage  .   (no gloves)
Will    .....                   (no boots)
Stlth   ++........              (no amulet)
HPRegen 0.08/turn               (no ring)
MPRegen 0.11/turn               (no ring)

@: no status effects
A: claws 1
a: no special abilities


You were on level 2 of the Dungeon.
You visited 1 branch of the dungeon, and saw 2 of its levels.

You collected 58 gold pieces.

Inventory:

Hand Weapons
 a - a +0 dagger (weapon)
Armour
 b - a +0 robe (worn)
 c - a +0 hat (worn)
Jewellery
 d - a ring of willpower
Wands
 j - a wand of mindburst (18)
Scrolls
 e - 2 scrolls of enchant armour {unknown}
 f - a scroll of summoning {unknown}
 g - 2 scrolls of identify {unknown}
 h - a scroll of immolation {unknown}
 i - a scroll of blinking {unknown}
 k - a scroll of teleportation {unknown}


   Skills:
 + Level 0.1 Short Blades
 + Level 1.9 Dodging
 + Level 2.0 Stealth
 + Level 3.7 Spellcasting
 + Level 1.6 Conjurations
 + Level 1.0 Summonings
 + Level 0.8 Translocations


You had 6 spell levels left.
You knew the following spells:

 Your Spells              Type           Power      Damage    Failure   Level
a - Magic Dart            Conj           32%        1d4       9%          1
b - Blink                 Tloc           12%        N/A       17%         2

Your spell library contained the following spells:

 Spells                   Type           Power      Damage    Failure   Level
 Slow                     Hex            12%        N/A       16%         1
 Call Imp                 Summ           6%         N/A       16%         2
 Conjure Flame            Conj/Fire      5%         6-21      34%         3
 Mephitic Cloud           Conj/Pois/Air  4%         N/A       36%         3


Dungeon Overview and Level Annotations

Branches:
Dungeon (2/15)

Altars:


Innate Abilities, Weirdness & Mutations

You have sharp fingernails.


Message History

The magic dart hits the endoplasm but does no damage.
The endoplasm is moderately wounded.
The orc wizard gestures wildly while chanting.
The orc wizard flickers and vanishes!
Deactivating autopickup; reactivate with Ctrl-A.
The endoplasm barely misses you.
The magic dart hits the endoplasm.
The endoplasm is almost dead.
You hear some strange, mumbled words.
Something tries to affect you, but you resist.
The endoplasm jiggles.
The endoplasm closely misses you.
The magic dart hits the endoplasm.
You kill the endoplasm!
The magic dart hits the orc.
The orc is heavily wounded.
The orc hits you but does no damage.
The magic dart hits the orc.
You kill the orc!
Something hits you.
You completely miss something. Something hits you.
You closely miss something.
You hear some strange, mumbled words.
A puff of flame appears from out of thin air!
The puff of flame hits you!
You barely miss something. Something hits you.
You hit something. Something barely misses you.
You closely miss something. Something hits you.
* * * LOW HITPOINT WARNING * * *
You completely miss something. Something hits you.
* * * LOW HITPOINT WARNING * * *
You miss something.
You hear some strange, mumbled words.
Something tries to affect you, but you resist.
You miss something.
You hear some strange, mumbled words.
A puff of flame appears from out of thin air!
The puff of flame hits you!
Ouch! That really hurt!
You die...

#.....>)†.'J..... +.....[.......(
#.........####.####..............
#.........# ##...............
######.#### #.........#...... #.#
#.........#...... #J#####.#
#.........#......
#.......#######.######......
#.#######.........####......
#.........)@{...............
#########.........##########
#######+### .....# ......†
......# ...... ..... ..... ....


There were no monsters in sight!

Vanquished Creatures
  A dart slug (D:2)
  An orc (D:2)
  3 ball pythons
  2 bats
  4 endoplasms
  4 goblins
  3 hobgoblins (D:1)
  3 kobolds
  3 quokkas (D:1)
  3 frilled lizards
  2 rats (D:1)
29 creatures vanquished.

Notes
Turn   | Place    | Note
-------+----------+-------------------------------------------
     0 | D:1      | DemonSlayer the Demonspawn Hedge Wizard began the quest for
                  | the Orb.
     0 | D:1      | Reached XP level 1. HP: 13/13 MP: 4/4
   396 | D:1      | Gained mutation: You have sharp fingernails. [demonic
                  | ancestry]
   396 | D:1      | Reached XP level 2. HP: 19/19 MP: 1/6
   458 | D:1      | Found a faded altar of an unknown god.
  1781 | D:2      | Learned a level 2 spell: Blink
  1845 | D:2      | Reached XP level 3. HP: 21/24 MP: 0/8
  2069 | D:2      | Killed from afar by an orc wizard

Illustrated notes

Levels and vault maps discovered:
D:1:      dpeg_arrival_water_fire, layout_basic, basic_ecumenical_altar,
          chequers_serial_rivers_large_a, minmay_pentomino_o4
D:2:      layout_basic

Skill      XL: |  1 |
---------------+----+-----
Stealth        | 2 |  2.0
Short Blades   | |  0.1
Dodging        | |  1.9
Spellcasting   | |  3.7
Conjurations   | |  1.6
Summonings     | |  1.0
Translocations | |  0.8

Action                   || total
-------------------------++-------
Melee: Dagger            ||    41
 Cast: Magic Dart        ||    67
 Stab: Sleeping          ||     1
Armor: Robe              ||    17
Dodge: Dodged            ||    53
